 Dungeon Crawl Stone Soup version 0.26.1-11-gd32895ea62 (webtiles) character file.

Game seed: 16663910950560588605

4486 Tirrikindir the Carver (level 10, -14/66 HPs)
             Began as an Octopode Fighter on May 26, 2021.
             Was an Initiate of Gozag.
             Killed by the air
             ... invoked by Gastronok
              (19 damage)
             ... on level 8 of the Dungeon.
             The game lasted 00:22:28 (8832 turns).

Tirrikindir the Carver (Octopode Fighter)           Turns: 8832, Time: 00:22:29

Health: -14/66     AC:  5    Str: 19    XL:     10   Next: 38%
Magic:  10/10      EV: 15    Int: 10    God:    Gozag
Gold:   1008       SH: 12    Dex: 12    Spells: 9/9 levels left

rFire    . . .     SeeInvis .   a - +1 long sword
rCold    + . .     Faith    .   h - +2 kite shield {AC+3}
rNeg     . . .     Spirit   .   y - +1 hat
rPois    .         Reflect  .   f - amulet of magic regeneration
rElec    .         Harm     .   q - ring of protection from cold
rCorr    .         Rampage  .   v - ring of wizardry
Will     .....                  (no ring)
Stlth    ++++......             (no ring)
HPRegen  0.21/turn              (no ring)
MPRegen  0.37/turn              (no ring)
                                (no ring)
                                (no ring)

@: no status effects
A: almost no armour, stealthy swim, amphibious, 8 rings, constrict 8, camouflage
1, gelatinous body 1
a: Renounce Religion, Potion Petition, Call Merchant, Bribe Branch


You were on level 8 of the Dungeon.
You worshipped Gozag.
Gozag was most pleased with you.
You visited 2 branches of the dungeon, and saw 9 of its levels.

You collected 1089 gold pieces.
You paid 81 gold pieces to Gozag.

Inventory:

Hand Weapons
 a - a +1 long sword (weapon)
 g - a +0 rapier
Missiles
 d - 52 poisoned darts (quivered)
Armour
 h - a +2 kite shield of protection (worn)
 y - a +1 hat (worn)
Jewellery
 f - an amulet of magic regeneration (around mantle)
 k - an uncursed ring of ice
 q - a ring of protection from cold (left tentacle)
 v - a ring of wizardry (right tentacle)
Wands
 b - a wand of polymorph (3)
 l - a wand of flame (59)
 m - a wand of disintegration (8)
 D - a wand of random effects (15)
Scrolls
 e - 4 scrolls of teleportation
 o - 2 scrolls of remove curse
 p - a scroll of fog
 s - a scroll of immolation
Potions
 c - 2 potions of resistance
 i - 2 potions of lignification
 j - 2 potions of brilliance
 n - 4 potions of flight
 r - 2 potions of curing
 u - a potion of invisibility {unknown}
 w - 2 potions of ambrosia {unknown}
 x - 3 potions of haste {unknown}
 z - a potion of magic {unknown}
 A - a potion of mutation {unknown}


   Skills:
 + Level 5.5 Fighting
 * Level 9.6 Long Blades
 * Level 6.7 Dodging
 + Level 6.7 Stealth
 * Level 6.8 Shields
 + Level 3.9 Evocations


You had 9 spell levels left.
You didn't know any spells.
Your spell library contained the following spells:

 Spells                   Type           Power        Failure   Level
 Summon Small Mammal      Summ           0%           38%         1
 Call Imp                 Summ           0%           52%         2
 Call Canine Familiar     Summ           0%           75%         3
 Summon Guardian Golem    Hex/Summ       0%           75%         3
 Summon Ice Beast         Ice/Summ       0%           98%         4
 Summon Lightning Spire   Summ/Air       0%           98%         4


Dungeon Overview and Level Annotations

Branches:
Dungeon (8/15)             Temple (1/1) D:5
   Lair: D:8-11

Altars:
Ashenzari
Cheibriados
Dithmenos
Elyvilon
Fedhas
Gozag
Hepliaklqana
Kikubaaqudgha
Makhleb
Okawaru
Qazlal
Ru
Sif Muna
Trog
Vehumet
Wu Jian
Xom
Yredelemnul
The Shining One

Shops:
D:7 *   D:8 (

Annotations:
D:8 Gastronok


Innate Abilities, Weirdness & Mutations

You cannot wear most types of armour.
You are very stealthy in the water. (Stealth+)
You are amphibious.
You can wear up to eight rings at the same time.
You can use your tentacles to constrict eight enemies at once.
Your skin changes colour to match your surroundings (Stealth+).
Your rubbery body absorbs attacks. (AC +1, EV +1)


Message History

Gastronok is heavily wounded.
You block Gastronok's attack.
You completely miss Gastronok. You squeeze Gastronok!
Gastronok is heavily wounded.
You slash Gastronok!
You squeeze Gastronok, but do no damage.
Gastronok is heavily wounded.
Gastronok waves his eye-stalks in wide circles.
The air twists around and strikes you!!
You barely miss Gastronok.
Gastronok is heavily wounded.
You hit Gastronok.
Gastronok is severely wounded.
Gastronok bites you!!
* * * LOW HITPOINT WARNING * * *
There is a stone staircase leading up here.
Gastronok waves his eye-stalks in wide circles.
The air twists around and strikes you!!
You die...
Your body crumbles into a pile of gold.

.#....#..yy..#........###
.#....####..⌠#..........#
.#.......#####..........#
.##.........##....#.....#
.##.........#.$...##...##
..##...)...##$..........#
..>#.......#.(.........##
...##.....##...........#
....##...##...w.@....###
....#.....(...#.....##
...#......##..##....##
...#.....###..###....#
...........#..# ###.##
.....#......... ###
.#...#........##
##...#......###
##.#.###....#


You could see Gastronok (swift).

Vanquished Creatures
  Harold (D:8)
  Pikel (D:7)
  Joseph (D:7)
  Sigmund (D:3)
  Eustachio (D:4)
  Duvessa (D:6)
  An ice beast (D:8)
  2 sky beasts
  2 orc warriors (D:6)
  A black bear (D:3)
  2 ogres (D:4)
  2 lemures (D:7)
  Blork the orc (D:6)
  A bullfrog (D:8)
  Dowan (D:6)
  A scorpion (D:6)
  A wyvern skeleton (D:6)
  10 killer bees
  4 howler monkeys
  2 hounds
  A jelly (D:5)
  2 centaur skeletons
  4 orc priests
  8 orc wizards
  2 bullfrog skeletons (D:4)
  4 worker ants
  Crazy Yiuf (D:2)
  Ijyb (D:3)
  An iguana (D:3)
  A killer bee zombie (D:7)
  A hound skeleton (D:4)
  A mummy (D:7)
  Robin (D:3)
  6 adders
  10 gnolls
  2 shadow imps
  A white imp (D:8)
  An ufetubus (D:6)
  An ooze (D:2)
  A dart slug (D:1)
  A worm (D:5)
  11 leopard geckos
  17 orcs
  3 ball pythons
  10 bats
  4 giant cockroaches
  13 goblins
  5 hobgoblins
  9 jackals
  9 kobolds
  4 quokkas
  A frilled lizard (D:2)
  A jackal skeleton (D:7)
  A leopard gecko zombie (D:7)
  7 rats
183 creatures vanquished.

Vanquished Creatures (others)
  3 fungi (D:2)
3 creatures vanquished.

Grand Total: 186 creatures vanquished

Notes
Turn   | Place    | Note
-------+----------+-------------------------------------------
     0 | D:1      | Tirrikindir the Octopode Fighter began the quest for the
                  | Orb.
     0 | D:1      | Reached XP level 1. HP: 16/16 MP: 1/1
   119 | D:1      | Reached XP level 2. HP: 21/21 MP: 2/2
   263 | D:1      | Reached skill level 1 in Stealth
   422 | D:1      | Reached XP level 3. HP: 26/26 MP: 3/3
   866 | D:2      | Found a broken altar of Ashenzari.
  1346 | D:2      | Reached skill level 3 in Long Blades
  1346 | D:2      | Reached XP level 4. HP: 28/31 MP: 4/4
  1575 | D:2      | Found a runed translucent door.
  1576 | D:2      | Noticed Crazy Yiuf
  1586 | D:2      | Killed Crazy Yiuf
  1761 | D:2      | Reached XP level 5. HP: 36/36 MP: 5/5
  2013 | D:3      | Noticed a black bear
  2020 | D:3      | Killed a black bear
  2110 | D:3      | Noticed Ijyb
  2114 | D:3      | Reached XP level 6. HP: 43/43 MP: 6/6
  2126 | D:3      | Killed Ijyb
  2211 | D:3      | Reached skill level 4 in Long Blades
  2260 | D:3      | Noticed Robin
  2280 | D:3      | Noticed Sigmund
  2283 | D:3      | Killed Robin
  2419 | D:3      | Killed Sigmund
  2420 | D:3      | Reached XP level 7. HP: 46/48 MP: 7/7
  2971 | D:4      | Reached skill level 5 in Long Blades
  3342 | D:4      | Reached skill level 6 in Long Blades
  3868 | D:4      | Reached skill level 7 in Long Blades
  3871 | D:4      | Reached XP level 8. HP: 42/54 MP: 8/8
  4032 | D:4      | Noticed Eustachio
  4041 | D:4      | Killed Eustachio
  4122 | D:4      | You fall into a shaft and drop 1 floor!
  4122 | D:5      | Entered Level 5 of the Dungeon
  4133 | D:5      | Found a staircase to the Ecumenical Temple.
  4140 | Temple   | Entered the Ecumenical Temple
  4161 | Temple   | Became a worshipper of Gozag Ym Sagoz the Greedy
  4806 | D:5      | Reached skill level 8 in Long Blades
  5447 | D:6      | Reached skill level 1 in Evocations
  5776 | D:6      | Noticed Duvessa
  5777 | D:6      | Noticed Dowan
  5796 | D:6      | Killed Duvessa
  5802 | D:6      | Killed Dowan
  5803 | D:6      | Reached XP level 9. HP: 58/59 MP: 9/9
  5993 | D:6      | Reached skill level 5 in Stealth
  5993 | D:6      | Reached skill level 5 in Shields
  6032 | D:6      | Reached skill level 5 in Dodging
  6324 | D:6      | Noticed Blork the orc
  6332 | D:6      | Killed Blork the orc
  6646 | D:7      | Noticed Pikel
  6900 | D:7      | Killed Pikel
  6901 | D:7      | Reached skill level 9 in Long Blades
  7087 | D:7      | Noticed Joseph
  7090 | D:7      | Found a shadowy altar of Dithmenos.
  7100 | D:7      | Killed Joseph
  7101 | D:7      | Reached skill level 5 in Fighting
  7456 | D:7      | Found an opulent altar of Gozag.
  7470 | D:7      | Found Gozag's Platinum Reserve.
  7754 | D:7      | Found a snail-covered altar of Cheibriados.
  7873 | D:8      | Noticed Gastronok
  7875 | D:8      | Reached XP level 10. HP: 56/66 MP: 10/10
  7882 | D:8      | Noticed Harold
  7942 | D:8      | Killed Harold
  7995 | D:8      | Found a stormy altar of Qazlal.
  8136 | D:8      | Found a burning altar of Makhleb.
  8173 | D:8      | Found Byipod's Antique Weapon Shop.
  8832 | D:8      | Killed from afar by Gastronok

Illustrated notes

Levels and vault maps discovered:
D:1:      scummos_arrival_gate, layout_loops_cross
D:2:      layout_basic, nicolae_overflow_crystal_walls, minmay_tall_x,
          uniq_crazy_yiuf_cottage
D:3:      layout_loops_ring, uniq_robin, uniq_sigmund, uniq_ijyb
D:4:      layout_layer_cave, st_stairs_13, uniq_eustachio
D:5:      layout_cave_pods, temple_green
D:6:      layout_gridville, minmay_misc_feat_four_crosses,
          minmay_misc_feat_encased, uniq_duvessa, uniq_blork_the_orc
D:7:      layout_rooms, lemuel_crystal_altar, slow_altar_2,
          nicolae_gozag_zags_fifth_avenue, uniq_joseph, uniq_pikel
D:8:      kennysheep_spiral_hall, layout_cave_pools,
          chequers_temple_overflow_statue_of_worship, general_overflow_altar,
          serial_shops, shop, uniq_harold, uniq_gastronok
Temple:   eino_temple_lava

Skill      XL: |  1  2  3  4  5  6  7  8  9 |
---------------+----------------------------+-----
Stealth        | 1 2 3 4 6 |  6.7
Long Blades    | 3 4 7 8 9 |  9.6
Shields        | 4 6 |  6.8
Fighting       | 4 5 |  5.5
Dodging        | 4 6 |  6.7
Evocations     | 1 3 |  3.9

Action                   |  1- 3 |  4- 6 |  7- 9 | 10-12 || total
-------------------------+-------+-------+-------+-------++-------
Melee: Long sword        |    76 |    54 |   262 |    75 ||   467
       Constrict         |    28 |    20 |    68 |    11 ||   127
       Tentacles         |    14 |     9 |    66 |    29 ||   118
Throw: Dart              |       |    10 |    13 |     4 ||    27
  Use: Scroll            |     8 |       |     8 |     4 ||    20
       Potion            |       |     1 |     2 |     4 ||     7
 Stab: Sleeping          |     3 |     4 |     9 |     2 ||    18
       Distracted        |       |       |     1 |       ||     1
Armor: Skin              |     9 |    11 |    21 |    10 ||    51
Dodge: Dodged            |    23 |    33 |    84 |    56 ||   196
Block: Kite shield       |    30 |    30 |   124 |    44 ||   228
       Rpst.: Long sword |     7 |    14 |    22 |    22 ||    65
